 Dungeon Crawl Stone Soup version 0.31-a0-4-gefa6de2278 (webtiles) character file.

Game seed: 4677401443400424968

117278 senseless the Nimble (level 16, 0/116 HPs)
             Began as a Gnoll Monk on Apr 28, 2023.
             Was the Champion of Hepliaklqana.
             Killed from afar by Aizul (2 damage)
             ... with a bolt of poison
             ... on level 1 of the Spider Nest on May 4, 2023.
             The game lasted 01:29:02 (26259 turns).

senseless the Nimble (Gnoll Monk)                  Turns: 26259, Time: 01:29:02

Health: 0/116      AC: 31    Str: 23    XL:     16   Next: 73%
Magic:  31/31      EV: 17    Int: 14    God:    Hepliaklqana [******]
Gold:   627        SH:  5    Dex: 13    Spells: 32/37 levels left

rFire   + + +        a - +5 scythe (flame)
rCold   + . .        (shield currently unavailable)
rNeg    . . .        W - +2 plate armour {rF+}
rPois   .            I - +2 helmet
rElec   +            u - +2 cloak {Will+}
rCorr   .            w - +0 pair of gloves
SInv    +            P - +2 pair of boots of Xosimpae {rF++}
Will    ++...        d - amulet of reflection Stlth
                     M - +5 ring of evasion
HPRegen 0.39/turn    e - ring of the Priest {rElec rC+ Str+5 SInv}
MPRegen 0.22/turn

%: reflection
@: lethally poisoned (0 -> -34)
A: reduced essence, fangs 1, strong nose, distributed training, iridescent
scales 1, clever 1, wild magic 1
a: Renounce Religion, Recall Ancestor, Ancestor Identity, Transference, Idealise


You were on level 1 of the Spider Nest.
You worshipped Hepliaklqana.
Hepliaklqana was exalted by your worship.
You visited 4 branches of the dungeon, and saw 22 of its levels.
You also visited: Ossuary.

You collected 2320 gold pieces.
You spent 1693 gold pieces at shops.

Inventory:

Hand Weapons
 a - a +5 scythe of flaming (weapon)
 b - a +4 arbalest of electrocution
Armour
 u - a +2 cloak of willpower (worn)
 w - a +0 pair of gloves (worn)
 I - a +2 helmet (worn)
 P - the +2 pair of boots of Xosimpae (worn) {rF++}
   (You found it on level 10 of the Dungeon)

   rF:        It greatly protects you from fire.
 W - a +2 plate armour of fire resistance (worn)
Jewellery
 d - an amulet of reflection (around neck)
 e - the ring of the Priest (right hand) {rElec rC+ Str+5 SInv}
   (You bought it in a shop on level 1 of the Orcish Mines)

   [ring of see invisible]

   Str:       It affects your strength (+5).
   rC:        It protects you from cold.
   rElec:     It insulates you from electricity.
   SInv:      It lets you see invisible.
 f - a ring of fire
 h - a +6 ring of intelligence
 j - a ring of willpower
 n - a ring of positive energy
 F - a +4 ring of protection
 M - a +5 ring of evasion (left hand)
 Q - a ring of protection from cold
 T - a +5 ring of evasion
Wands
 l - a wand of polymorph (16)
 o - a wand of paralysis (27)
 q - a wand of roots (27)
 L - a wand of mindburst (18)
 R - a wand of light (11)
 V - a wand of digging (4)
 Y - a wand of flame (16)
Scrolls
 g - a scroll of silence
 k - 7 scrolls of teleportation
 t - 2 scrolls of fear
 y - 5 scrolls of poison
 E - 3 scrolls of immolation
 H - 2 scrolls of fog
 S - 2 scrolls of magic mapping
 Z - a scroll of blinking
Potions
 c - 2 potions of ambrosia
 m - a potion of berserk rage
 s - 4 potions of lignification
 v - 3 potions of mutation
 x - 7 potions of curing
 z - 3 potions of might
 A - 2 potions of brilliance
 B - 4 potions of haste
 C - 2 potions of invisibility
 D - 2 potions of attraction
 K - a potion of flight
 O - 4 potions of resistance
 U - a potion of magic
Miscellaneous
 i - a phial of floods
 p - a condenser vane
 G - a lightning rod (4/4)


   Skills:
 + Level 12.8 Fighting
 + Level 11.2 Short Blades
 + Level 11.2 Long Blades
 + Level 12.8 Axes
 + Level 11.2 Maces & Flails
 + Level 11.2 Polearms
 + Level 11.2 Staves
 + Level 11.2 Ranged Weapons
 + Level 11.2 Throwing
 + Level 11.2 Armour
 + Level 12.8 Dodging
 + Level 11.2 Stealth
 + Level 11.2 Shields
 + Level 11.2 Unarmed Combat
 + Level 11.2 Spellcasting
 + Level 9.4 Conjurations
 + Level 9.4 Hexes
 + Level 9.4 Summonings
 + Level 9.4 Necromancy
 + Level 9.4 Translocations
 + Level 9.4 Transmutations
 + Level 9.4 Fire Magic
 + Level 9.4 Ice Magic
 + Level 9.4 Air Magic
 + Level 9.4 Earth Magic
 + Level 9.4 Poison Magic
 + Level 12.1 Invocations
 + Level 11.2 Evocations


You had 32 spell levels left.
You knew the following spells:

 Your Spells              Type           Power      Damage    Failure   Level
a - Static Discharge      Conj/Air       88%        2-6/arc   5%          2
b - Stone Arrow           Conj/Erth      88%        3d12      10%         3

Your spell library contained the following spells:

 Spells                   Type           Power      Damage    Failure   Level
 Foxfire                  Conj/Fire      100%       2x1d9     4%          1
 Magic Dart               Conj           100%       1d8       4%          1
 Necrotise                Necr           100%       1d9       4%          1
 Call Imp                 Summ           88%        N/A       5%          2
 Poisonous Vapours        Pois/Air       88%        N/A       5%          2
 Scorch                   Fire           88%        2d8       5%          2
 Gell's Gravitas          Tloc           44%        N/A       10%         3
 Ignite Poison            Fire/Tmut/Pois 44%        N/A       10%         3
 Mephitic Cloud           Conj/Pois/Air  44%        N/A       10%         3
 Ozocubu's Armour         Ice            44%        N/A       10%         3
 Teleport Other           Tloc           44%        N/A       10%         3
 Vampiric Draining        Necr           44%        2d9       10%         3
 Airstrike                Air            22%        2d(4-20)  30%         4
 Animate Armour           Summ/Erth      88%        N/A       30%         4
 Flame Wave               Conj/Fire      44%        2d11      30%         4
 Sticky Flame             Conj/Fire      44%        2d6       30%         4
 Summon Lightning Spire   Summ/Air       44%        N/A       30%         4
 Agony                    Necr           44%        N/A       61%         5
 Fireball                 Conj/Fire      22%        3d10      61%         5
 Freezing Cloud           Conj/Ice/Air   22%        6-21      61%         5
 Iskenderun's Battlesphe  Conj           44%        2d10      61%         5
 Metabolic Englaciation   Hex/Ice        22%        N/A       61%         5
 Dispersal                Tloc           22%        N/A       98%         6
 Iron Shot                Conj/Erth      22%        9d5       98%         6
 Plasma Beam              Fire/Air       22%        2x1d37    98%         6
 Simulacrum               Ice/Necr       22%        N/A       98%         6
 Starburst                Conj/Fire      22%        6d7       98%         6
 Summon Cactus Giant      Summ           22%        N/A       98%         6
 Ozocubu's Refrigeration  Ice            22%        4d12      100%        7
 Spellforged Servitor     Conj/Summ      22%        N/A       100%        7
 Ignition                 Fire           22%        3d8       100%        8
 Lehudib's Crystal Spear  Conj/Erth      22%        10d6      100%        8


Dungeon Overview and Level Annotations

Branches:
Dungeon (14/15)            Temple (0/1) D:7            Lair (5/5) D:11
  Swamp (0/4) Lair:2       Spider (1/4) Lair:2        Slime (0/5) Lair:5
    Orc (2/2) D:11            Elf (0/3) Orc:2       Ossuary (visited)
 Vaults: D:13-14

Altars:
Cheibriados
Fedhas
Gozag
Hepliaklqana
Kikubaaqudgha
Makhleb
Wu Jian
The Shining One

Shops:
Orc:1 =(=?[   Orc:2 *:!([

Annotations:
D:4 3 runed translucent doors, funkygono's ghost, amateur MiFi
D:9 1 transporter
D:13 3 runed translucent doors, Adiod's ghost, journeyman DECj; Erutecwi's ghost, journeyman GrEE
Spider:1 Aizul


Innate Abilities, Weirdness & Mutations

Your life essence is reduced to manifest your ancestor. (-10% HP)
You have very sharp teeth.
Your uncanny sense of smell can sniff out nearby items.
Your experience applies equally to all skills.
You are partially covered in iridescent scales. (AC +2)
Your mind is acute. (Int +4, Str/Dex -1)
Your spells are a little harder to cast, but a little more powerful.


Message History

You block Aizul's attack.
Aizul coils herself and waves her upper body at you.
The bolt of poison hits you but does no damage.
You are more poisoned.
You closely miss Aizul.
Aizul is moderately wounded.
You feel very sick. Aizul casts a spell at you. The bolt of poison misses you.
You feel better. Aizul hits you.
You hit Aizul. You burn Aizul.
Aizul is moderately wounded.
Aizul coils herself and waves her upper body at you.
The poison arrow misses you. Aizul misses you.
You barely miss Aizul. Your bite misses Aizul.
Aizul is moderately wounded.
Aizul hits you!
* * * LOW HITPOINT WARNING * * *
You slash Aizul! You burn Aizul.
Aizul is heavily wounded.
Aizul casts a spell at you.
You fall asleep.
Aizul hits you.
You wake up.
* * * LOW HITPOINT WARNING * * *
You puncture Aizul! You burn Aizul.
Aizul is heavily wounded.
Aizul coils herself and waves her upper body at you.
The bolt of poison hits you!
You are poisoned.
* * * LOW HITPOINT WARNING * * *
You barely miss Aizul.
Aizul is heavily wounded.
* * * LOW HITPOINT WARNING * * *
You feel very sick. Aizul hits you!
* * * LOW HITPOINT WARNING * * *
Aizul coils herself and waves her upper body at you.
The bolt of poison hits you.
You are more poisoned.
You die...

..#...## ....###
.....# ......#
....### .....#
.......
###############
......#
##.............#
.......
#.....S@.^..##.#
......
.....#######..#.##
.(.... .#..
^^##....## ......
..S ..^##....#
..[... ..
^..^##...# .#.##.
. #^^.^##..# ..##
#~...^#.## .## ∆
#...^.# ..##
#^.8..#


You could see Aizul.

Vanquished Creatures
  An orc warlord (Orc:1)
  A fire dragon (Lair:5)
  2 hydras
  Erica (Lair:2)
  2 boulder beetles
  A centaur warrior (D:13)
  2 death knights
  3 death yaks
  2 two-headed ogres
  2 skeletal warriors (D:14)
  A pharaoh ant (Spider:1)
  3 orb spiders (Spider:1)
  2 orc knights (Orc:1)
  Pikel (D:6)
  2 deep elf pyromancers
  A steelbarb worm (Spider:1)
  5 wolf spiders
  A cyclops (D:12)
  3 orc sorcerers
  Maurice (D:10)
  16 elephants
  5 torpor snails
  12 cane toads
  6 komodo dragons
  An unseen horror (D:12)
  A rime drake (Lair:4)
  9 hornets
  2 trolls (Orc:2)
  24 blink frogs
  4 dream sheep
  A blink frog (shapeshifter) (D:11)
  A culicivora (Spider:1)
  2 jumping spiders (Spider:1)
  6 slime creatures
  A vampire (D:12)
  6 wraiths
  4 wyverns
  30 yaks
  A basilisk (Lair:1)
  A steam dragon (Lair:2)
  5 redbacks (Spider:1)
  2 wargs (Orc:2)
  An acid dragon (D:10)
  7 water moccasins
  13 orc warriors
  A sky beast (D:7)
  A battlemage (D:13)
  4 ogres (Orc:1)
  A boggart (D:12)
  6 centaurs
  8 wolves
  2 lemures (D:6)
  10 bullfrogs
  A kobold brigand (D:7)
  2 gnoll sergeants
  A water moccasin zombie (Ossuary)
  3 necrophages (Lair:3)
  5 wights (D:10)
  7 killer bees (D:8)
  5 howler monkeys
  A hound (D:4)
  A jelly (D:7)
  6 orc priests
  5 iguanas
  2 sleepcaps
  4 orc wizards
  A mummy (Ossuary)
  9 gnolls
  3 adders
  A white imp (D:7)
  3 adder zombies (Ossuary)
  3 worms
  2 dart slugs
  26 orcs
  7 bats
  6 endoplasms
  5 giant cockroaches
  4 goblins
  9 hobgoblins
  7 jackals
  3 quokkas
  8 ball pythons
  3 frilled lizards
  3 gnoll zombies (Ossuary)
  2 hobgoblin zombies (Ossuary)
  12 kobolds
  4 orc zombies (Ossuary)
  5 rats
  A butterfly (Lair:3)
401 creatures vanquished.

Vanquished Creatures (collateral kills)
  Nessos (D:13)
  Josephine (Lair:4)
  An ettin (Orc:2)
  A catoblepas (Lair:2)
  2 boulder beetles
  3 two-headed ogres
  6 death yaks
  2 orc high priests (Orc:2)
  A skyshark (Lair:4)
  A pharaoh ant (Spider:1)
  An orb spider (Lair:2)
  3 orc knights (Orc:1)
  A lindwurm (Lair:5)
  A steelbarb worm (Spider:1)
  A wolf spider (Spider:1)
  An orc sorcerer (Orc:2)
  A cyclops (D:11)
  11 elephants
  2 black mambas
  4 torpor snails
  A gargoyle (D:8)
  6 cane toads
  3 unseen horrors
  2 rime drakes
  2 freezing wraiths
  3 komodo dragons
  2 trolls
  4 tyrant leeches (Lair:5)
  3 hornets
  A polar bear (Lair:5)
  12 blink frogs
  2 tarantellas (Spider:1)
  A dream sheep (Lair:3)
  10 slime creatures
  A culicivora (Spider:1)
  2 jumping spiders (Spider:1)
  23 yaks
  Sigmund (D:3)
  2 wraiths
  A wyvern (D:9)
  4 basilisks
  5 redbacks (Spider:1)
  A steam dragon (D:7)
  A warg (Orc:2)
  A swamp worm (shapeshifter) (D:12)
  Edmund (D:6)
  2 water moccasins (D:9)
  12 orc warriors
  An ice beast (D:7)
  A centaur (D:9)
  4 ogres
  8 wolves
  2 lemures (D:6)
  2 kobold brigands
  A gnoll sergeant (D:6)
  3 bullfrogs
  2 necrophages (Lair:3)
  2 scorpions
  2 water moccasin zombies (Ossuary)
  3 wights (D:10)
  5 killer bees (D:8)
  3 howler monkeys
  A hound (D:5)
  A jelly (D:6)
  4 orc priests
  3 iguanas
  Ijyb (D:5)
  4 orc wizards
  A mummy (Ossuary)
  9 gnolls
  3 adders
  A shadow imp (D:4)
  An ufetubus (D:6)
  3 adder zombies (Ossuary)
  A worm (D:2)
  24 orcs
  4 ball pythons
  4 bats
  3 endoplasms
  2 giant cockroaches
  4 goblins
  3 hobgoblins
  9 kobolds
  A quokka (D:3)
  A frilled lizard (D:2)
  2 gnoll zombies (Ossuary)
  A hobgoblin zombie (Ossuary)
  A kobold zombie (Ossuary)
  4 orc zombies (Ossuary)
  2 butterflies (Lair:3)
291 creatures vanquished.

Vanquished Creatures (others)
  27 battlemagi
  A bush (Lair:4)
  44 fungi
  59 plants
131 creatures vanquished.

Grand Total: 823 creatures vanquished

Notes
Turn   | Place    | Note
-------+----------+-------------------------------------------
     0 | D:1      | senseless the Gnoll Monk began the quest for the Orb.
     0 | D:1      | Reached XP level 1. HP: 23/23 MP: 1/1
    79 | D:1      | Reached XP level 2. HP: 25/29 MP: 2/2
   209 | D:1      | Reached XP level 3. HP: 35/35 MP: 3/3
   467 | D:1      | Reached skill level 1 in Invocations
   570 | D:2      | Found a faded altar of an unknown god.
   581 | D:2      | Prayed at the altar of an unknown god.
   581 | D:2      | Became a worshipper of Hepliaklqana the Forgotten
   581 | D:2      | Reached * piety under Hepliaklqana
   581 | D:2      | Reached ** piety under Hepliaklqana
   587 | D:2      | Remembered your ancestor Tiberia as a battlemage
   653 | D:2      | Found an opulent altar of Gozag.
   658 | D:2      | Reached skill level 1 in Short Blades
   658 | D:2      | Reached skill level 1 in Long Blades
   658 | D:2      | Reached skill level 1 in Maces & Flails
   658 | D:2      | Reached skill level 1 in Polearms
   658 | D:2      | Reached skill level 1 in Staves
   658 | D:2      | Reached skill level 1 in Ranged Weapons
   658 | D:2      | Reached skill level 1 in Throwing
   658 | D:2      | Reached skill level 1 in Armour
   658 | D:2      | Reached skill level 1 in Stealth
   658 | D:2      | Reached skill level 1 in Shields
   658 | D:2      | Reached skill level 1 in Unarmed Combat
   658 | D:2      | Reached skill level 1 in Spellcasting
   658 | D:2      | Reached skill level 1 in Evocations
   735 | D:2      | Reached *** piety under Hepliaklqana
   798 | D:2      | Reached XP level 4. HP: 36/36 MP: 5/5
  1302 | D:3      | Reached skill level 1 in Conjurations
  1302 | D:3      | Reached skill level 1 in Hexes
  1302 | D:3      | Reached skill level 1 in Summonings
  1302 | D:3      | Reached skill level 1 in Necromancy
  1302 | D:3      | Reached skill level 1 in Translocations
  1302 | D:3      | Reached skill level 1 in Transmutations
  1302 | D:3      | Reached skill level 1 in Fire Magic
  1302 | D:3      | Reached skill level 1 in Ice Magic
  1302 | D:3      | Reached skill level 1 in Air Magic
  1302 | D:3      | Reached skill level 1 in Earth Magic
  1302 | D:3      | Reached skill level 1 in Poison Magic
  1436 | D:3      | Noticed Sigmund
  1444 | D:3      | Killed Sigmund
  1445 | D:3      | Reached XP level 5. HP: 42/42 MP: 5/7
  1445 | D:3      | Reached XP level 6. HP: 47/47 MP: 5/8
  2505 | D:4      | Reached **** piety under Hepliaklqana
  2818 | D:4      | Reached XP level 7. HP: 54/54 MP: 10/10
  2880 | D:4      | Found an ornate altar of the Wu Jian Council.
  2880 | D:4      | Found an opulent altar of Gozag.
  3386 | D:4      | Found a runed translucent gate.
  3387 | D:4      | Found a runed translucent gate.
  3387 | D:4      | Noticed funkygono's ghost (amateur MiFi)
  3388 | D:4      | Found a runed translucent gate.
  3419 | D:5      | Entered Level 5 of the Dungeon
  3616 | D:5      | Reached XP level 8. HP: 33/60 MP: 12/12
  3833 | D:5      | Noticed Ijyb
  3841 | D:5      | Killed Ijyb
  3885 | D:5      | Found a glowing golden altar of the Shining One.
  4085 | D:5      | Reached ***** piety under Hepliaklqana
  4733 | D:6      | Noticed Pikel
  4745 | D:6      | Killed Pikel
  4839 | D:6      | Noticed Edmund
  4846 | D:6      | Killed Edmund
  4847 | D:6      | Reached XP level 9. HP: 55/65 MP: 14/14
  4930 | D:6      | Found a large runed translucent door.
  4930 | D:6      | Found a large runed translucent door.
  5355 | D:6      | Found a burning altar of Makhleb.
  5362 | D:6      | Found a blossoming altar of Fedhas.
  5974 | D:7      | Found a sand-covered staircase.
  5980 | Ossuary  | Entered an ossuary
  6164 | D:7      | Reached skill level 5 in Invocations
  6495 | D:7      | Found a staircase to the Ecumenical Temple.
  6718 | D:7      | Found a snail-covered altar of Cheibriados.
  6761 | D:7      | Reached skill level 5 in Short Blades
  6761 | D:7      | Reached skill level 5 in Long Blades
  6761 | D:7      | Reached skill level 5 in Maces & Flails
  6761 | D:7      | Reached skill level 5 in Polearms
  6761 | D:7      | Reached skill level 5 in Staves
  6761 | D:7      | Reached skill level 5 in Ranged Weapons
  6761 | D:7      | Reached skill level 5 in Throwing
  6761 | D:7      | Reached skill level 5 in Armour
  6761 | D:7      | Reached skill level 5 in Stealth
  6761 | D:7      | Reached skill level 5 in Shields
  6761 | D:7      | Reached skill level 5 in Unarmed Combat
  6761 | D:7      | Reached skill level 5 in Spellcasting
  6761 | D:7      | Reached skill level 5 in Evocations
  6761 | D:7      | Reached XP level 10. HP: 72/72 MP: 17/17
  7024 | D:8      | Noticed a gargoyle
  7030 | D:8      | Killed a gargoyle
  7340 | D:8      | Noticed a two-headed ogre
  7344 | D:8      | Killed a two-headed ogre
  7812 | D:8      | Upgraded the game from 0.30-a0-1163-gf69bf04e7a to
                  | 0.30-a0-1164-ge08a67761e
  8237 | D:9      | Found a transporter.
  8514 | D:9      | Found a transporter.
  9117 | D:10     | Entered Level 10 of the Dungeon
  9156 | D:10     | Noticed Maurice
  9171 | D:10     | Reached skill level 5 in Conjurations
  9171 | D:10     | Reached skill level 5 in Hexes
  9171 | D:10     | Reached skill level 5 in Summonings
  9171 | D:10     | Reached skill level 5 in Necromancy
  9171 | D:10     | Reached skill level 5 in Translocations
  9171 | D:10     | Reached skill level 5 in Transmutations
  9171 | D:10     | Reached skill level 5 in Fire Magic
  9171 | D:10     | Reached skill level 5 in Ice Magic
  9171 | D:10     | Reached skill level 5 in Air Magic
  9171 | D:10     | Reached skill level 5 in Earth Magic
  9171 | D:10     | Reached skill level 5 in Poison Magic
  9182 | D:9      | Reached XP level 11. HP: 32/80 MP: 20/20
  9361 | D:10     | Killed Maurice
  9374 | D:10     | Identified the +0 scale mail "Sail" {rPois Dex+2}
  9727 | D:10     | Identified the +2 pair of boots of Xosimpae {rF++}
 10195 | D:11     | Found a staircase to the Orcish Mines.
 10229 | D:11     | Found a staircase to the Lair.
 10308 | D:11     | Identified the +10 rapier "Wahoeb Goupp" {freeze, *Rage
                  | rCorr Str+4}
 10331 | D:11     | Noticed a cyclops
 10337 | D:11     | Killed a cyclops
 10411 | D:11     | Noticed a two-headed ogre
 10418 | D:11     | Killed a two-headed ogre
 10462 | D:11     | Found a glowing golden altar of the Shining One.
 10761 | D:11     | Upgraded the game from 0.30-a0-1164-ge08a67761e to
                  | 0.31-a0-4-gefa6de2278
 10838 | D:12     | Noticed a two-headed ogre
 10893 | D:12     | Noticed a wolf spider
 10918 | D:10     | Killed a wolf spider
 11073 | D:12     | Noticed a death knight
 11084 | D:11     | Killed a two-headed ogre
 11566 | Lair:1   | Entered Level 1 of the Lair of Beasts
 11601 | Lair:1   | Identified the +2 dagger of Cowardice {heavy, rC+}
 11658 | Lair:1   | Reached XP level 12. HP: 87/87 MP: 22/22
 11848 | Lair:1   | Identified the +2 robe "Raonamaz" {rF+}
 11906 | Lair:1   | Reached skill level 10 in Fighting
 11906 | Lair:1   | Reached skill level 10 in Axes
 11906 | Lair:1   | Reached skill level 10 in Dodging
 12218 | Lair:1   | Reached ****** piety under Hepliaklqana
 12397 | Lair:1   | Learned a level 2 spell: Static Discharge
 13039 | Lair:2   | Found a staircase to the Swamp.
 13285 | Lair:2   | Found a hole to the Spider Nest.
 13293 | Lair:2   | Reached XP level 13. HP: 56/93 MP: 25/25
 13785 | Lair:2   | Noticed Erica
 13800 | Lair:2   | Killed Erica
 16071 | Lair:4   | Noticed Josephine
 16082 | Lair:4   | Killed Josephine
 16524 | Lair:4   | Reached skill level 10 in Invocations
 16524 | Lair:4   | Reached XP level 14. HP: 101/101 MP: 27/27
 16580 | Lair:4   | Reached XP level 15. HP: 88/107 MP: 28/28
 16628 | Lair:4   | Gained mutation: Your mind is acute. (Int +4, Str/Dex -1)
                  | [potion of mutation]
 16628 | Lair:4   | Gained mutation: Your spells are a little harder to cast,
                  | but a little more powerful. [potion of mutation]
 16628 | Lair:4   | Gained mutation: You are partially covered in iridescent
                  | scales. (AC +2) [potion of mutation]
 16697 | Lair:4   | Learned a level 3 spell: Stone Arrow
 16736 | Lair:4   | You fall into a shaft and drop 1 floor!
 16736 | Lair:5   | Entered Level 5 of the Lair of Beasts
 16783 | Lair:5   | Found a staircase to the Slime Pits.
 16787 | Lair:5   | HP: 2/107 [death yak (10)]
 17323 | Lair:5   | Identified the +3 morningstar of the Maze {pain, rPois MP+9
                  | Int-3 Stlth+}
 18560 | Lair:4   | Reached skill level 10 in Short Blades
 18560 | Lair:4   | Reached skill level 10 in Long Blades
 18560 | Lair:4   | Reached skill level 10 in Maces & Flails
 18560 | Lair:4   | Reached skill level 10 in Polearms
 18560 | Lair:4   | Reached skill level 10 in Staves
 18560 | Lair:4   | Reached skill level 10 in Ranged Weapons
 18560 | Lair:4   | Reached skill level 10 in Throwing
 18560 | Lair:4   | Reached skill level 10 in Armour
 18560 | Lair:4   | Reached skill level 10 in Stealth
 18560 | Lair:4   | Reached skill level 10 in Shields
 18560 | Lair:4   | Reached skill level 10 in Unarmed Combat
 18560 | Lair:4   | Reached skill level 10 in Spellcasting
 18560 | Lair:4   | Reached skill level 10 in Evocations
 19677 | Lair:5   | Found a runed translucent door.
 19730 | Lair:5   | Paralysed by a hornet for 2 turns
 19970 | Lair:5   | Paralysed by a hornet for 2 turns
 20701 | Orc:1    | Entered Level 1 of the Orcish Mines
 20719 | Orc:1    | Found Uqicoept's Magic Scroll Emporium.
 20731 | Orc:1    | Bought a scroll of identify for 28 gold pieces
 20731 | Orc:1    | Bought a scroll of torment for 133 gold pieces
 20731 | Orc:1    | Bought a scroll of teleportation for 42 gold pieces
 20732 | Orc:1    | Bought a scroll of identify for 28 gold pieces
 21057 | Orc:2    | Entered Level 2 of the Orcish Mines
 21057 | Orc:2    | Found Lefoer's Antique Armour Boutique.
 21643 | Orc:2    | Noticed an orc warlord
 21654 | Orc:1    | Reached XP level 16. HP: 51/114 MP: 30/30
 22048 | Orc:1    | Found Osyudiy's Jewellery Boutique.
 22259 | Orc:1    | Bought an amulet of reflection for 420 gold pieces
 22266 | Orc:1    | Found Kadeciho's Jewellery Emporium.
 22284 | Orc:1    | Bought the ring of the Priest {rElec rC+ Str+5 SInv} for
                  | 697 gold pieces
 22299 | Orc:1    | Found Utesm's Antique Weapon Boutique.
 22414 | Orc:1    | Found Jyluceh's Antique Armour Shop.
 22425 | Orc:1    | Bought a pair of gloves for 135 gold pieces
 22815 | Orc:2    | Found Ovaz's General Store.
 22939 | Orc:2    | Found a staircase to the Elven Halls.
 22943 | Orc:2    | Found Ufaise's Book Shop.
 23023 | Orc:2    | Found Apohax's Antique Weapon Boutique.
 23066 | Orc:2    | Bought a glowing helmet for 210 gold pieces
 23128 | Orc:2    | Found Raojen's Distillery.
 23795 | D:12     | Identified the +0 trident "Pephe" {chaos, rC+ rCorr}
 24133 | D:13     | You fall into a shaft and drop 1 floor!
 24599 | D:13     | Noticed Nessos
 24602 | D:13     | Killed Nessos
 24636 | D:13     | Found a runed translucent gate.
 24636 | D:13     | Found a runed translucent gate.
 24636 | D:13     | Found a runed translucent gate.
 24636 | D:13     | Found an ancient bone altar of Kikubaaqudgha.
 24636 | D:13     | Noticed a lich
 24636 | D:13     | Noticed Adiod's ghost (journeyman DECj)
 24636 | D:13     | Noticed Erutecwi's ghost (journeyman GrEE)
 24637 | D:13     | Noticed a lich
 24637 | D:13     | Noticed a lich
 25383 | Spider:1 | Entered Level 1 of the Spider Nest
 26170 | Spider:1 | Paralysed by a hornet for 2 turns
 26245 | Spider:1 | Noticed Aizul
 26259 | Spider:1 | HP: 2/116 [Aizul (13)]
 26259 | Spider:1 | Killed from afar by Aizul

Illustrated notes

Levels and vault maps discovered:
D:1:      onia_arrival_handbag, layout_rooms
D:2:      wander_river, layout_basic, hellmonk_ecumenical_altar_dog_temple,
          basic_altar, minmay_tetromino_t2
D:3:      layout_basic, grunt_decor_junction, uniq_sigmund
D:4:      layout_loops_corners, nicolae_overflow_two_pavilions,
          gammafunk_ghost_nasty_kobolds
D:5:      layout_basic, nicolae_overflow_hidden_temple, uniq_ijyb
D:6:      layout_cave_pods, jmf_multi_god_temple2, centaur_isle, uniq_pikel,
          uniq_edmund
D:7:      layout_loops_ring, kennysheep_slug_shrine,
          minmay_temple_entry_mini_moons, lightli_ossuary_entry_decrepit_ruins,
          minmay_statues_item
D:8:      layout_loops_corners
D:9:      gammafunk_cloud_chamber, layout_irregular_city
D:10:     layout_cave_pools, uniq_maurice
D:11:     layout_basic, lair_entry_dummy, orc_0_dummy, tso_metal_star
D:12:     minmay_cut_squares, layout_rooms
D:13:     layout_cave_pods, gammafunk_ghost_crypt, minmay_unpleasant_kobolds,
          uniq_nessos
D:14:     layout_gridville, hangedman_vaults_entry_quadrant_bands,
          infiniplex_staircase_x, hex_tiny
Lair:1:   layout_loops_ring
Lair:2:   layout_regular_city, swamp_mist, nicolae_spider_entry_orb_guardian,
          uniq_erica
Lair:3:   layout_long_grid, roderic_carrion_pond, grunt_megastairs_4,
          lemuel_fruit_fields, lemuel_fruit_fields, infiniplex_staircase_pool_2,
          lemuel_fruit_tree
Lair:4:   layout_layer_cave, uniq_josephine
Lair:5:   wormcave, layout_gridlike, dpeg_slime_entry_enclosed,
          grunt_megastairs_1
Spider:1: layout_spider_delve, hangedman_spider_trapstep, uniq_aizul
Orc:1:    cheibrodos_orc_bank, layout_caves, serial_shops, shop, shop, shop,
          shop, nicolae_shop_advertising_works [nicolae_subvault_shop_adworks]
Orc:2:    grunt_orc_gardens, layout_caves, grunt_orc_garden, grunt_orc_garden,
          grunt_orc_garden, grunt_orc_garden, serial_shops, shop, basic_altar

Skill      XL: |  1  2  3  4  5  6  7  8  9 10 11 12 13 14 15 16 |
---------------+-------------------------------------------------+-----
Invocations    | 1 2 3 4 5 6 7 8 10 11 12 | 12.1
Short Blades   | 1 2 3 5 6 7 8 9 10 11 | 11.2
Long Blades    | 1 2 3 5 6 7 8 9 10 11 | 11.2
Maces & Flails | 1 2 3 5 6 7 8 9 10 11 | 11.2
Polearms       | 1 2 3 5 6 7 8 9 10 11 | 11.2
Staves         | 1 2 3 5 6 7 8 9 10 11 | 11.2
Ranged Weapons | 1 2 3 5 6 7 8 9 10 11 | 11.2
Throwing       | 1 2 3 5 6 7 8 9 10 11 | 11.2
Armour         | 1 2 3 5 6 7 8 9 10 11 | 11.2
Stealth        | 1 2 3 5 6 7 8 9 10 11 | 11.2
Shields        | 1 2 3 5 6 7 8 9 10 11 | 11.2
Unarmed Combat | 1 2 3 5 6 7 8 9 10 11 | 11.2
Spellcasting   | 1 2 3 5 6 7 8 9 10 11 | 11.2
Evocations     | 1 2 3 5 6 7 8 9 10 11 | 11.2
Conjurations   | 1 2 3 4 5 6 7 8 9 |  9.4
Hexes          | 1 2 3 4 5 6 7 8 9 |  9.4
Summonings     | 1 2 3 4 5 6 7 8 9 |  9.4
Necromancy     | 1 2 3 4 5 6 7 8 9 |  9.4
Translocations | 1 2 3 4 5 6 7 8 9 |  9.4
Transmutations | 1 2 3 4 5 6 7 8 9 |  9.4
Fire Magic     | 1 2 3 4 5 6 7 8 9 |  9.4
Ice Magic      | 1 2 3 4 5 6 7 8 9 |  9.4
Air Magic      | 1 2 3 4 5 6 7 8 9 |  9.4
Earth Magic    | 1 2 3 4 5 6 7 8 9 |  9.4
Poison Magic   | 1 2 3 4 5 6 7 8 9 |  9.4
Fighting       | 7 8 9 10 11 12 | 12.8
Axes           | 7 8 9 10 11 12 | 12.8
Dodging        | 7 8 9 10 11 12 | 12.8

Action                     |  1- 3 |  4- 6 |  7- 9 | 10-12 | 13-15 | 16-18 || total
---------------------------+-------+-------+-------+-------+-------+-------++-------
  Melee: Hand axe          |    80 |    27 |       |       |       |       ||   107
         Bite              |     5 |    12 |    10 |    47 |   115 |    26 ||   215
         Halberd           |       |    33 |   179 |   435 |   655 |   159 ||  1461
   Fire: Arbalest          |       |       |       |       |       |   200 ||   200
  Throw: Dart              |       |     3 |       |     3 |    12 |     7 ||    25
   Cast: Static Discharge  |       |       |       |     7 |    19 |       ||    26
         Stone Arrow       |       |       |       |       |     6 |       ||     6
 Invoke: Ancestor Life: Ba |     1 |       |       |       |       |       ||     1
         Ancestor Identity |     1 |       |       |       |       |       ||     1
         Recall Ancestor   |       |       |       |     1 |     2 |     1 ||     4
    Use: Scroll            |       |     7 |     8 |    12 |    10 |     3 ||    40
         Potion            |       |       |       |     1 |     7 |     5 ||    13
   Stab: Sleeping          |       |     1 |    10 |     6 |     8 |       ||    25
         Distracted        |       |       |     4 |     6 |    17 |     3 ||    30
 Armour: Robe              |    11 |     2 |       |       |       |       ||    13
         Ring mail         |       |    11 |    38 |   161 |   301 |    33 ||   544
         Chain mail        |       |       |     2 |       |       |       ||     2
         Plate armour      |       |       |       |       |       |    87 ||    87
  Dodge: Dodged            |    61 |    43 |    65 |   417 |   771 |   187 ||  1544
  Block: Other             |       |       |       |       |       |    47 ||    47
         Reflection        |       |       |       |       |       |     8 ||     8

Table legend: (Time is in decaauts)
 A = Elapsed time spent in this place.
 B = Non-inter-level travel time spent in this place.
 C = Inter-level travel time spent in this place.
 D = Time resting spent in this place.
 E = Time spent auto-exploring this place.
 F = Levels seen in this place.
 G = Mean time per level.
                   A        B        C        D        E       F      G
               +--------+--------+--------+--------+--------+-----+--------+
         Total |  26665 |  24882 |   1783 |   4474 |  15777 |  23 | 1159.3 |
       Dungeon |  13413 |  12129 |   1284 |   1027 |   8997 |  14 |  958.1 |
          Lair |   9301 |   8887 |    414 |   2158 |   4939 |   5 | 1860.2 |
   Spider Nest |    937 |    937 |      0 |    235 |    459 |   1 |  937.0 |
  Orcish Mines |   2843 |   2758 |     85 |   1054 |   1281 |   2 | 1421.5 |
       Ossuary |    169 |    169 |      0 |      0 |    101 |   1 |  169.0 |
               +--------+--------+--------+--------+--------+-----+--------+

Top non-repeatable levels by time:
  Lair:4: 2786 daAuts
  Lair:5: 2204 daAuts
   Orc:1: 2101 daAuts
  Lair:2: 1906 daAuts
    D:11: 1402 daAuts
  Lair:1: 1335 daAuts
     D:8: 1259 daAuts
     D:5: 1256 daAuts
     D:6: 1186 daAuts
     D:9: 1145 daAuts
     D:3: 1140 daAuts
     D:4: 1088 daAuts
  Lair:3: 1069 daAuts
Spider:1: 937 daAuts
     D:7: 892 daAuts
